 Dungeon Crawl Stone Soup version 0.19.1-1-g22dce08 (webtiles) character file.

21 Lennu the Insei (level 2, -1/14 HPs)
             Began as a Vine Stalker Transmuter on Jan 5, 2017.
             Succumbed to an adder's poison
             ... on level 2 of the Dungeon.
             The game lasted 00:04:27 (1149 turns).

Lennu the Insei (Vine Stalker Transmuter)           Turns: 1149, Time: 00:04:28

Health: -1/14      AC:  5    Str: 12    XL:     2   Next: 83%
Magic:  2/6        EV: 11    Int: 13    God:
Gold:   87         SH:  0    Dex: 14    Spells: 1 memorised, 5 levels left

rFire  . . .     SeeInvis .       - Unarmed
rCold  . . .     Gourm    .     p - +0 ring mail
rNeg   . . .     Faith    .     (no shield)
rPois  .         Spirit   +     (no helmet)
rElec  .         Reflect  .     (no cloak)
rCorr  .         Harm     .     (no gloves)
MR     .....                    (no boots)
Stlth  +.........               (no amulet)
                                (no ring)
                                (no ring)

@: lethally poisoned (-1 -> -22)
A: fangs 2, wild magic 1, magic shield, antimagic bite, no device heal 3, rot
immunity
a: no special abilities


You were on level 2 of the Dungeon.
You were not hungry.

You visited 1 branch of the dungeon, and saw 2 of its levels.

You collected 87 gold pieces.

Inventory:

Missiles
 a - 12 arrows
Armour
 p - a +0 ring mail (worn)
Scrolls
 b - a scroll of amnesia {unknown}
 e - 2 scrolls of enchant armour {unknown}
 h - a scroll of noise {unknown}
 i - a scroll of teleportation {unknown}
Potions
 l - a potion of flight {unknown}
 n - a potion of heal wounds {unknown}
 q - 2 potions of brilliance {unknown}
 r - 2 potions of degeneration {unknown}
Books
 c - a book of Changes

   Spells                             Type                      Level
   a - Beastly Appendage              Transmutation                1
   b - Sticks to Snakes               Transmutation                2
   c - Spider Form                    Transmutation/Poison         3
   d - Ice Form                       Ice/Transmutation            4
   e - Blade Hands                    Transmutation                5
Comestibles
 d - a bread ration
 f - 3 fruits
 g - a chunk of flesh
 k - a royal jelly
 m - 2 beef jerkies
 o - a slice of pizza


   Skills:
 + Level 0.8 Fighting
 + Level 0.1 Armour
 + Level 1.9 Dodging
 + Level 3.3 Unarmed Combat
 + Level 2.5 Spellcasting
 + Level 2.1 Transmutations


You had 5 spell levels left.
You knew the following spells:

 Your Spells              Type           Power        Failure   Level  Hunger
a - Beastly Appendage     Tmut           #.....       32%         1    #......


Dungeon Overview and Level Annotations

Branches:
Dungeon (2/15)

Altars:


Innate Abilities, Weirdness & Mutations

You have extremely sharp teeth.
When hurt, damage is shared between your health and your magic reserves.
Your bite disrupts and absorbs the magic of your enemies.
Potions and wands cannot restore your health.
You are immune to rotting.
Your spells are a little harder to cast, but a little more powerful.


Message History

It was a potion of mutation.
You feel extremely strange. A pair of antennae grows on your head!
The antennae on your head shrink away.
You feel less in control of your magic.
Your talons disappear.
* * * LOW HITPOINT WARNING * * *
You feel sick. The adder bites you but does no damage.
You are too injured to fight recklessly!
You hit the adder. Your bite misses the adder.
The adder is almost dead.
* * * LOW HITPOINT WARNING * * *
You feel sick. The adder bites you.
You are more poisoned.
The adder poisons you! The adder barely misses you.
You closely miss the adder.
The adder is almost dead.
* * * LOW HITPOINT WARNING * * *
You feel sick. The adder closely misses you.
You barely miss the adder.
The adder is almost dead.
You die...

#.#####
#.##.#....>
##.##
#)##.#...<.
#####...#######
#.##.#..#..
...............
..##.#..#..
######..>#######
####.#..##.
...........# ##
#.#..# .
######.##.# ..
#.># #
#.##.###.# #..
#...bS@..#
#.##g#########
#....#........
###.........#
#.##g####.#
#.##.# #.##.#
#..... ####..


You could see an adder, a goblin and a bat.

Vanquished Creatures
  A leopard gecko (D:2)
  A ball python (D:1)
  A giant cockroach (D:2)
  3 goblins (D:1)
  2 hobgoblins (D:1)
  4 kobolds (D:1)
  5 bats (D:1)
  A frilled lizard (D:2)
18 creatures vanquished.

Notes
Turn   | Place    | Note
-------+----------+-------------------------------------------
     0 | D:1      | Lennu the Vine Stalker Transmuter began the quest for the Orb.
     0 | D:1      | Reached XP level 1. HP: 9/9 MP: 4/4
   423 | D:1      | Reached XP level 2. HP: 14/14 MP: 4/6
  1146 | D:2      | Gained mutation: You have a pair of small antennae on your head. [potion of mutation]
  1146 | D:2      | Lost mutation: You have a pair of small antennae on your head. [potion of mutation]
  1146 | D:2      | Gained mutation: Your spells are a little harder to cast, but a little more powerful. [potion of mutation]
  1149 | D:2      | Succumbed to an adder's poison

Action                   || total
-------------------------++-------
Melee: Unarmed           ||    76
       Bite              ||    16
       Kick              ||    11
       Headbutt          ||     3
       Punch             ||     2
 Cast: Beastly Appendage ||    16
  Use: Potion            ||     1
  Eat: Chunk             ||     1
Armor: Robe              ||     5
       Ring mail         ||    26
Dodge: Dodged            ||    64
